 Dungeon Crawl Stone Soup version bcrawl-1.28.1b (webtiles) character file.

Game seed: 7367836485202413458

271346 Morbidden the Skirmisher (level 8, -5/71 HPs)
             Began as a Minotaur Archaeologist on Dec 25, 2020.
             Was a Priest of Cheibriados.
             Slain by a two-headed ogre
             ... wielding a +0 giant club
              (6 damage)
             ... on level 5 of the Dungeon.
             The game lasted 00:07:03 (4699 turns).

Morbidden the Skirmisher (Minotaur Archaeologist)   Turns: 4699, Time: 00:07:03

Health: -5/71      AC: 13    Str: 26    XL:     8   Next: 50%
Magic:  9/9        EV: 12    Int: 18    God:    Cheibriados [***...]
Gold:   370        SH:  0    Dex: 15    Spells: 7/7 levels left

rFire    . . .     SeeInvis .   l - +0 hand axe
rCold    . . .     Gourm    .   (no shield)
rNeg     . . .     Faith    .   n - +0 chain mail
rPois    +         Spirit   .   c - +1 hat
rElec    .         Reflect  .   (no cloak)
rCorr    .         Harm     .   (no gloves)
MR       .....                  d - +1 pair of boots
Stlth    ..........             (no amulet)
HPRegen  0.21/turn              i - ring of poison resistance
MPRegen  0.11/turn              (no ring)

@: confused, very slightly contaminated, studying Fighting, very slow
A: retaliatory headbutt, horns 2
a: Bend Time, Temporal Distortion, Renounce Religion


You were on level 5 of the Dungeon.
You worshipped Cheibriados.
Cheibriados was most pleased with you.
You were hungry.

You visited 1 branch of the dungeon, and saw 5 of its levels.

You collected 370 gold pieces.

Inventory:

Hand Weapons
 j - a +1 dagger of freezing
 l - a +0 hand axe (weapon)
Missiles
 a - 110 poisoned tomahawks (quivered)
Armour
 c - a +1 hat (worn)
 d - a +1 pair of boots (worn)
 n - a +0 chain mail (worn)
Jewellery
 i - a ring of poison resistance (left hand)
Scrolls
 g - 2 scrolls of magic mapping
 h - 5 scrolls of identify
 k - a scroll of teleportation
 m - a scroll of fear {unknown}
 o - a scroll of immolation {unknown}
 t - a scroll of enchant weapon {unknown}
 u - a scroll of enchant armour {unknown}
 y - a scroll of fog {unknown}
Potions
 q - a potion of mutation {unknown}
 r - a potion of haste {unknown}
 s - a potion of curing
 v - a potion of brilliance {unknown}
 x - a potion of resistance {unknown}
Books
 b - a manual of Fighting
Comestibles
 e - 9 rations {!d}
 w - 6 chunks of flesh


   Skills:
 * Level 6.7 Fighting
 + Level 4.8(5.3) Axes
   Level 3.2(4.5) Maces & Flails
 * Level 5.5 Armour
 * Level 6.2 Dodging
 + Level 3.7 Stealth
 * Level 3.5 Invocations


You had 7 spell levels left.
You didn't know any spells.
Your spell library contained the following spells:

 Spells                   Type           Power        Failure   Level  Hunger
 Apportation              Tloc           #.....       77%         1    None
 Infusion                 Chrm           #.......     77%         1    None
 Magic Dart               Conj           #...         77%         1    None
 Sandblast                Erth           #.....       77%         1    None
 Slow                     Hex            #.......     77%         1    None
 Summon Butterflies       Summ           #.......     77%         1    None
 Searing Ray              Conj           #.......     88%         2    ####...
 Iskenderun's Mystic Bla  Conj           #.......     98%         3    #####..
 Fulminant Prism          Conj/Hex       #.........   100%        4    ######.
 Irradiate                Conj/Tmut      #.........   100%        5    #######


Dungeon Overview and Level Annotations

Branches:
Dungeon (5/12)             Temple (0/1) D:5

Altars:
Cheibriados
Elyvilon
Nemelex Xobeh
Uskayaw
Vehumet

Annotations:
D:2 1 runed door


Innate Abilities, Weirdness & Mutations

You reflexively headbutt those who attack you in melee.
You have a pair of horns on your head.


Message History

Aim: a two-headed ogre, wielding two +0 giant clubs (moderately wounded, poisoned)
You throw a poisoned tomahawk.
The poisoned tomahawk hits the two-headed ogre.
The two-headed ogre looks more poisoned.
The two-headed ogre is moderately wounded.
Throwing (i - inventory)
a - 111 poisoned tomahawks (quivered)
Press: ? - help, Shift-Dir - straight line, f/p - two-headed ogre
Aim: a two-headed ogre, wielding two +0 giant clubs (moderately wounded, poisoned)
You throw a poisoned tomahawk.
The poisoned tomahawk hits the two-headed ogre.
The two-headed ogre is moderately wounded.
No path to travel!
It was a potion of ambrosia.
You are confused.
You feel invigorated.
No path to travel!
The two-headed ogre hits you with a +0 giant club!!
* * * LOW HITPOINT WARNING * * *
The two-headed ogre hits you with a +0 giant club.
You die...

#.# ##'## #.# #.#
#.# #.# #.#
##.####### #)#
##......... #.#
#......###.
#.######.......#
#.......O....#.#
########@........
##.####### #.# #.#
#####.###
#.......#
#.###.#.# ########
#.###.#.##########
#......#
#.##.............#


You could see a two-headed ogre.

Vanquished Creatures
  Grinder (D:4)
  Sigmund (D:2)
  An ice beast (D:5)
  2 phantoms (D:4)
  3 ogres
  A scorpion (D:4)
  A howler monkey (D:5)
  2 crimson imps
  A quasit (D:5)
  3 orc wizards (D:4)
  An orc priest (D:3)
  A hound (D:5)
  2 bullfrog skeletons
  A worker ant (D:5)
  2 hound zombies
  4 adders
  4 gnolls (D:3)
  An ooze (D:3)
  2 worms
  2 dart slugs
  3 leopard geckos
  16 orcs
  4 giant cockroaches
  5 hobgoblins
  13 jackals
  9 kobolds
  A quokka (D:3)
  4 bats
  2 frilled lizards
  5 goblins
  A jackal skeleton (D:5)
  6 rats
105 creatures vanquished.

Notes
Turn   | Place    | Note
-------+----------+-------------------------------------------
     0 | D:1      | Morbidden the Minotaur Archaeologist began the quest for
                  | the Orb.
     0 | D:1      | Reached XP level 1. HP: 16/16 MP: 0/0
   238 | D:1      | Reached XP level 2. HP: 23/23 MP: 1/1
   660 | D:2      | Found a snail-covered altar of Cheibriados.
   660 | D:2      | Found a radiant altar of Vehumet.
   665 | D:2      | Found a white marble altar of Elyvilon.
   668 | D:2      | Became a worshipper of Cheibriados the Contemplative
   671 | D:2      | Found a faded altar of an unknown god.
   673 | D:2      | Found a faded altar of an unknown god.
   900 | D:2      | Reached XP level 3. HP: 28/28 MP: 2/2
   903 | D:2      | Noticed Sigmund
   942 | D:2      | Killed Sigmund
   943 | D:2      | Reached skill level 1 in Armour
   943 | D:2      | Reached skill level 1 in Invocations
   943 | D:2      | Reached XP level 4. HP: 25/37 MP: 3/3
   943 | D:2      | Reached XP level 5. HP: 28/42 MP: 4/4
   943 | D:2      | Identified a scroll of acquirement
   951 | D:2      | Identified the +2 war axe "Cakih" {flame, *Contam Str+3}
                  | (You acquired it on level 2 of the Dungeon)
   951 | D:2      | Identified the +0 pair of gloves "Iqyeh" {+Fly Dex+4} (You
                  | acquired it on level 2 of the Dungeon)
   951 | D:2      | Identified the ring "Wisau" {+Fly Str+4 Dex-3} (You
                  | acquired it on level 2 of the Dungeon)
  1279 | D:2      | Found a sparkling altar of Nemelex Xobeh.
  1329 | D:2      | Found a hide-covered altar of Uskayaw.
  1389 | D:2      | Found a runed door.
  1535 | D:2      | Reached * piety under Cheibriados
  1924 | D:3      | Found a faded altar of an unknown god.
  2364 | D:3      | Reached XP level 6. HP: 19/51 MP: 6/6
  2367 | D:3      | HP: 2/76 [gnoll/+0 halberd (3)]
  2971 | D:3      | Reached ** piety under Cheibriados
  3257 | D:4      | Reached skill level 1 in Axes
  3422 | D:4      | Reached skill level 5 in Dodging
  3422 | D:4      | Reached XP level 7. HP: 52/60 MP: 7/7
  3855 | D:4      | Noticed Grinder
  3869 | D:4      | Killed Grinder
  3869 | D:4      | Reached *** piety under Cheibriados
  3870 | D:4      | Reached skill level 5 in Fighting
  3870 | D:4      | Reached XP level 8. HP: 56/69 MP: 7/9
  4167 | D:5      | Entered Level 5 of the Dungeon
  4203 | D:5      | Reached skill level 5 in Armour
  4504 | D:5      | Found a staircase to the Ecumenical Temple.
  4685 | D:5      | Noticed a two-headed ogre
  4699 | D:5      | HP: 1/71 [two-headed ogre/+0 giant club (22)]
  4699 | D:5      | Slain by a two-headed ogre

Skill      XL: |  1  2  3  4  5  6  7  8 |
---------------+-------------------------+-----
Stealth        | 3 |  3.7
Fighting       | 2 3 4 5 6 |  6.7
Maces & Flails | 2 3 |  3.2
Armour         | 1 2 3 4 5 |  5.5
Dodging        | 4 5 6 |  6.2
Invocations    | 1 2 3 |  3.5
Axes           | 2 3 4 |  4.8

Action                   |  1- 3 |  4- 6 |  7- 9 || total
-------------------------+-------+-------+-------++-------
Melee: Whip              |    98 |    64 |       ||   162
       Headbutt          |     6 |    24 |    24 ||    54
       Hand axe          |       |   120 |    87 ||   207
Throw: Tomahawk          |       |       |     4 ||     4
  Use: Potion            |     2 |     3 |     1 ||     6
       Scroll            |       |     1 |     5 ||     6
 Stab: Sleeping          |     2 |       |       ||     2
  Eat: Chunk             |     1 |    12 |     4 ||    17
Armor: Robe              |     8 |       |       ||     8
       Scale mail        |    22 |       |       ||    22
       Chain mail        |     4 |   117 |    46 ||   167
       Skin              |     7 |       |       ||     7
Dodge: Dodged            |    38 |   111 |    68 ||   217
